SL
ROCKY MOUNTAIN NUGGETS @ GRAFTON MIDDIES
08/12/2029
 
TOP OF THE 1ST
Rocky Mountain Nuggets batting - Pitching for Grafton Middies : LHP António Muñóz
Pitching: LHP António Muñóz
Batting: RHB Luis Ríos 0-0: Foul Ball, location: 2F
0-1: Ball
1-1: Ball
2-1: Ball
3-1: Foul Ball, location: 2F
3-2: TRIPLE (Flyball, 89XD)
Batting: LHB Roberto Salazar 0-0: Called Strike
0-1: Ball
1-1: Ground out 1-3 (Groundball, P)
Batting: RHB Andrés Rodríguez 0-0: DOUBLE (Line Drive, 7LD)
Luis Ríos scores
Batting: LHB Javier Sánchez 0-0: Ball
1-0: Called Strike
1-1: Ball
2-1: SINGLE (Groundball, 34D)
Andrés Rodríguez to third
Runner from 3rd tries for Home, SAFE, no throw
Batting: RHB Ludwig Kluge 0-0: Ball
1-0: Fielders Choice at 2nd, 6-4 (Groundball, 56)
Batting: LHB Willis Baker 0-0: Ball
1-0: Ball
2-0: Swinging Strike
2-1: Ball
3-1: Swinging Strike
3-2: Strikes out swinging
Top of the 1st over - 2 runs, 3 hits, 0 errors, 1 left on base; Rocky Mountain 2 - Grafton 0
BOTTOM OF THE 1ST
Grafton Middies batting - Pitching for Rocky Mountain Nuggets : LHP Rafael Rivera
Pitching: LHP Rafael Rivera
Batting: RHB Pedro Santos 0-0: Ball
1-0: Called Strike
1-1: Foul Ball, location: 2F
1-2: Ground out 2-3 (Groundball, 2R)
Batting: RHB Carlos Maldonado 0-0: Called Strike
0-1: Ball
1-1: Foul Ball, location: 2F
1-2: Ball
2-2: Ground out 1-3 (Groundball, P)
Batting: LHB Mario Ramos 0-0: Ball
1-0: Foul Ball, location: 2F
1-1: Ball
2-1: Fly out, F9 (Flyball, 9S)
Bottom of the 1st over - 0 runs, 0 hits, 0 errors, 0 left on base; Rocky Mountain 2 - Grafton 0
TOP OF THE 2ND
Rocky Mountain Nuggets batting - Pitching for Grafton Middies : LHP António Muñóz
Batting: RHB Travis Newsome 0-0: SINGLE (Flyball, 7LS)
Batting: RHB Wes Shannon 0-0: Ball
1-0: Called Strike
1-1: Ball
2-1: Foul Ball, location: 2F
2-2: Ball
3-2: Foul Ball, location: 2F
3-2: Strikes out swinging
Travis Newsome is caught stealing 2nd base
Batter strikes out.
Batting: RHB Anthony Johnston 0-0: Swinging Strike
0-1: Ball
1-1: Foul Ball, location: 2F
1-2: Foul Ball, location: 2F
1-2: Ground out 5-3 (Groundball, 56S)
Top of the 2nd over - 0 runs, 1 hit, 0 errors, 0 left on base; Rocky Mountain 2 - Grafton 0
BOTTOM OF THE 2ND
Grafton Middies batting - Pitching for Rocky Mountain Nuggets : LHP Rafael Rivera
Batting: RHB Stefano Gaddi 0-0: Foul Ball, location: 2F
0-1: Ground out 5-3 (Groundball, 56)
Batting: LHB Jorge Flores 0-0: Foul Ball, location: 2F
0-1: Ball
1-1: Foul Ball, location: 2F
1-2: Foul Ball, location: 2F
1-2: Ball
2-2: Strikes out swinging
Batting: RHB Orlando Reyes 0-0: Ball
1-0: Ball
2-0: Ball
3-0: Called Strike
3-1: Base on Balls
Batting: LHB John Meléndez 0-0: Called Strike
Orlando Reyes steals 2nd base
0-1: Ball
1-1: Fly out, F8 (Flyball, 8RS)
Bottom of the 2nd over - 0 runs, 0 hits, 0 errors, 1 left on base; Rocky Mountain 2 - Grafton 0
TOP OF THE 3RD
Rocky Mountain Nuggets batting - Pitching for Grafton Middies : LHP António Muñóz
Batting: RHB Luis Ríos 0-0: Ball
1-0: Ball
2-0: Ball
3-0: Called Strike
3-1: Base on Balls
Batting: LHB Roberto Salazar 0-0: Called Strike
0-1: Ball
1-1: Ball
2-1: Foul Ball, location: 2F
2-2: SINGLE (Line Drive, 89S)
Luis Ríos to second
Batting: RHB Andrés Rodríguez 0-0: SINGLE (Flyball, 78S)
Luis Ríos to third
Roberto Salazar to second
Runner from 3rd tries for Home, SAFE, no throw
Batting: LHB Javier Sánchez 0-0: Swinging Strike
0-1: SINGLE (Line Drive, 34D)
Roberto Salazar to third
Andrés Rodríguez to second
Runner from 3rd tries for Home, SAFE, throw made home
Batting: RHB Ludwig Kluge 0-0: Ball
1-0: Called Strike
1-1: Fielders Choice at 2nd, 1-6 (Groundball, 13S)
Andrés Rodríguez to third
Batting: LHB Willis Baker 0-0: Called Strike
0-1: Called Strike
Ludwig Kluge steals 2nd base
0-2: Foul Ball, location: 2F
0-2: Ball
1-2: Ball
2-2: Strikes out swinging
Batting: RHB Travis Newsome 0-0: Called Strike
0-1: Ball
1-1: Swinging Strike
1-2: Strikes out looking
Top of the 3rd over - 2 runs, 3 hits, 0 errors, 2 left on base; Rocky Mountain 4 - Grafton 0
BOTTOM OF THE 3RD
Grafton Middies batting - Pitching for Rocky Mountain Nuggets : LHP Rafael Rivera
Batting: SHB Jack MacAsgill 0-0: Called Strike
0-1: Called Strike
0-2: Ball
1-2: Ball
2-2: SOLO HOME RUN (Flyball, 78XD), Distance : 440 ft
Batting: LHB Phil MacNamara 0-0: Called Strike
0-1: Fly out, F7 (Flyball, 78D)
Batting: RHB Pedro Santos 0-0: Ball
1-0: Called Strike
1-1: Called Strike
1-2: Ground out 4-3 (Groundball, 4)
Batting: RHB Carlos Maldonado 0-0: Called Strike
0-1: Ball
1-1: Called Strike
1-2: Strikes out swinging
Bottom of the 3rd over - 1 run, 1 hit, 0 errors, 0 left on base; Rocky Mountain 4 - Grafton 1
TOP OF THE 4TH
Rocky Mountain Nuggets batting - Pitching for Grafton Middies : LHP António Muñóz
Batting: RHB Wes Shannon 0-0: Ball
1-0: Fly out, F4 (Line Drive, 4)
Batting: RHB Anthony Johnston 0-0: Ball
1-0: Ground out 5-3 (Groundball, 56S)
Batting: RHB Luis Ríos 0-0: Fly out, F3 (Line Drive, 3L)
Top of the 4th over - 0 runs, 0 hits, 0 errors, 0 left on base; Rocky Mountain 4 - Grafton 1
BOTTOM OF THE 4TH
Grafton Middies batting - Pitching for Rocky Mountain Nuggets : LHP Rafael Rivera
Batting: LHB Mario Ramos 0-0: Ball
1-0: SINGLE (Groundball, 4D)
Batting: RHB Stefano Gaddi 0-0: Ball
1-0: Ball
2-0: Called Strike
2-1: Fly out, F8 (Flyball, 8LS)
Batting: LHB Jorge Flores 0-0: Grounds into double play, 6-4-3 (Groundball, 56)
Bottom of the 4th over - 0 runs, 1 hit, 0 errors, 0 left on base; Rocky Mountain 4 - Grafton 1
TOP OF THE 5TH
Rocky Mountain Nuggets batting - Pitching for Grafton Middies : LHP António Muñóz
Batting: LHB Roberto Salazar 0-0: Ball
1-0: Swinging Strike
1-1: Called Strike
1-2: Ball
2-2: Ball
3-2: Strikes out swinging
Batting: RHB Andrés Rodríguez 0-0: Called Strike
0-1: Fly out, F1 (Line Drive, 15)
Batting: LHB Javier Sánchez 0-0: Called Strike
0-1: Swinging Strike
0-2: Ball
1-2: Strikes out looking
Top of the 5th over - 0 runs, 0 hits, 0 errors, 0 left on base; Rocky Mountain 4 - Grafton 1
BOTTOM OF THE 5TH
Grafton Middies batting - Pitching for Rocky Mountain Nuggets : LHP Rafael Rivera
Batting: RHB Orlando Reyes 0-0: Called Strike
0-1: Ball
1-1: Ball
2-1: SINGLE (Line Drive, 6MD)
Batting: LHB John Meléndez 0-0: Ball
1-0: Sac Bunt - play at first, batter OUT! 1-3
Orlando Reyes to second
Batting: SHB Jack MacAsgill 0-0: Ball
1-0: Ball
2-0: Called Strike
2-1: Ball
3-1: Ground out 5-3 (Groundball, 56)
Batting: LHB Phil MacNamara 0-0: Ball
1-0: Called Strike
1-1: Foul Ball, location: 2F
1-2: Foul Ball, location: 2F
1-2: Foul Ball, location: 2F
1-2: Ground out U3 (Groundball, 34)
Bottom of the 5th over - 0 runs, 1 hit, 0 errors, 1 left on base; Rocky Mountain 4 - Grafton 1
TOP OF THE 6TH
Rocky Mountain Nuggets batting - Pitching for Grafton Middies : LHP António Muñóz
Batting: RHB Ludwig Kluge 0-0: Called Strike
0-1: Foul Ball, location: 2F
0-2: Ball
1-2: Ball
2-2: Foul Ball, location: 2F
2-2: Strikes out swinging
Batting: LHB Willis Baker 0-0: Ball
1-0: Called Strike
1-1: Foul Ball, location: 2F
1-2: Strikes out swinging
Batting: RHB Travis Newsome 0-0: Ball
1-0: Ball
2-0: Ball
3-0: Called Strike
3-1: Foul Ball, location: 2F
3-2: Foul Ball, location: 2F
3-2: Ground out 5-3 (Groundball, 5L)
Top of the 6th over - 0 runs, 0 hits, 0 errors, 0 left on base; Rocky Mountain 4 - Grafton 1
BOTTOM OF THE 6TH
Grafton Middies batting - Pitching for Rocky Mountain Nuggets : LHP Rafael Rivera
Batting: RHB Pedro Santos 0-0: Swinging Strike
0-1: Ball
1-1: Ground out 5-3 (Groundball, 5L)
Batting: RHB Carlos Maldonado 0-0: Ball
1-0: Ball
2-0: Foul Ball, location: 2F
2-1: Foul Ball, location: 2F
2-2: Fly out, F8 (Flyball, 8LD)
Batting: LHB Mario Ramos 0-0: Ball
1-0: Foul Ball, location: 2F
1-1: Fly out, F8 (Flyball, 8LM)
Bottom of the 6th over - 0 runs, 0 hits, 0 errors, 0 left on base; Rocky Mountain 4 - Grafton 1
TOP OF THE 7TH
Rocky Mountain Nuggets batting - Pitching for Grafton Middies : LHP António Muñóz
Pitching: RHP Truman Valentine
Batting: RHB Wes Shannon 0-0: Called Strike
0-1: Foul Ball, location: 2F
0-2: Ball
1-2: Strikes out swinging
Batting: RHB Anthony Johnston 0-0: Ball
1-0: SINGLE (Line Drive, 6MD)
Batting: RHB Luis Ríos 0-0: Ball
1-0: Foul Ball, location: 2F
1-1: Ball
2-1: Called Strike
2-2: SINGLE (Groundball, 34D)
Anthony Johnston to second
Runner from 2nd tries for 3rd, OUT!
Batting: LHB Roberto Salazar 0-0: Ball
1-0: Ball
Luis Ríos steals 2nd base
2-0: Called Strike
2-1: Ball
3-1: Called Strike
3-2: Ground out 6-3 (Groundball, 6)
Top of the 7th over - 0 runs, 2 hits, 0 errors, 1 left on base; Rocky Mountain 4 - Grafton 1
BOTTOM OF THE 7TH
Grafton Middies batting - Pitching for Rocky Mountain Nuggets : LHP Rafael Rivera
Batting: RHB Stefano Gaddi 0-0: Ball
1-0: Ball
2-0: Foul Ball, location: 2F
2-1: Foul Ball, location: 2F
2-2: Strikes out swinging
Batting: LHB Jorge Flores 0-0: Ball
1-0: Fly out, F7 (Flyball, 7LM)
Batting: RHB Orlando Reyes 0-0: Called Strike
0-1: Ball
1-1: Fly out, F8 (Line Drive, 78D)
Bottom of the 7th over - 0 runs, 0 hits, 0 errors, 0 left on base; Rocky Mountain 4 - Grafton 1
TOP OF THE 8TH
Rocky Mountain Nuggets batting - Pitching for Grafton Middies : RHP Truman Valentine
Batting: RHB Andrés Rodríguez 0-0: Foul Ball, location: 2F
0-1: Ball
1-1: Foul Ball, location: 2F
1-2: Fly out, F7 (Flyball, 78M)
Batting: LHB Javier Sánchez 0-0: Called Strike
0-1: Ball
1-1: Called Strike
1-2: Strikes out swinging
Batting: RHB Ludwig Kluge 0-0: Called Strike
0-1: Ball
1-1: Swinging Strike
1-2: Ball
2-2: Fly out, F7 (Flyball, 7LM)
Top of the 8th over - 0 runs, 0 hits, 0 errors, 0 left on base; Rocky Mountain 4 - Grafton 1
BOTTOM OF THE 8TH
Grafton Middies batting - Pitching for Rocky Mountain Nuggets : LHP Rafael Rivera
Batting: LHB John Meléndez 0-0: Ball
1-0: Bunted foul
1-1: Foul Ball, location: 2F
1-2: Foul Ball, location: 2F
1-2: Strikes out looking
Batting: SHB Jack MacAsgill 0-0: Ball
1-0: Ground out 6-3 (Groundball, 6)
Batting: LHB Phil MacNamara 0-0: Ball
1-0: Ball
2-0: Fly out, F7 (Flyball, 78M)
Bottom of the 8th over - 0 runs, 0 hits, 0 errors, 0 left on base; Rocky Mountain 4 - Grafton 1
TOP OF THE 9TH
Rocky Mountain Nuggets batting - Pitching for Grafton Middies : RHP Truman Valentine
Batting: LHB Willis Baker 0-0: Called Strike
0-1: Ball
1-1: Called Strike
1-2: Ball
2-2: Ball
3-2: Ground out 4-3 (Groundball, 4)
Batting: RHB Travis Newsome 0-0: Fly out, F6 (Line Drive, 6)
Batting: RHB Wes Shannon 0-0: Foul Ball, location: 2F
0-1: Foul Ball, location: 2F
0-2: Ball
1-2: Ground out 3-1 (Groundball, 34)
Top of the 9th over - 0 runs, 0 hits, 0 errors, 0 left on base; Rocky Mountain 4 - Grafton 1
BOTTOM OF THE 9TH
Grafton Middies batting - Pitching for Rocky Mountain Nuggets : LHP Rafael Rivera
Batting: RHB Pedro Santos 0-0: Ball
1-0: Ball
2-0: SOLO HOME RUN (Flyball, 78XD), Distance : 433 ft
Pitching: RHP Jorge Garza
Batting: RHB Carlos Maldonado 0-0: Ball
1-0: Called Strike
1-1: Foul Ball, location: 2F
1-2: Ball
2-2: Reached on error, E8 (Flyball, 8LM)
Batting: LHB Mario Ramos 0-0: Ball
1-0: Called Strike
1-1: Foul Ball, location: 2F
1-2: Foul Ball, location: 2F
1-2: Strikes out swinging
Batting: RHB Stefano Gaddi 0-0: Ball
1-0: Foul Ball, location: 2F
1-1: Ball
2-1: Ball
3-1: Swinging Strike
3-2: Strikes out swinging
Batting: LHB Jorge Flores 0-0: Called Strike
0-1: Ball
1-1: Swinging Strike
1-2: Strikes out swinging
Bottom of the 9th over - 1 run, 1 hit, 1 error, 1 left on base; Rocky Mountain 4 - Grafton 2
Tuesday, December 19th, 2017 - OOTP Baseball 18.8 Build 76